 Dungeon Crawl Stone Soup version 0.28.0-53-g5a82cb258f (webtiles) character file.

Game seed: 3952900419257682278

28 Duoop the Firebug (level 3, 0/21 HPs)
             Began as an Octopode Fire Elementalist on June 26, 2022.
             Slain by a jackal (1 damage)
             ... on level 1 of the Dungeon.
             The game lasted 00:06:43 (2072 turns).

Duoop the Firebug (Octopode Fire Elementalist)      Turns: 2072, Time: 00:06:43

Health: 0/21       AC:  1    Str:  7    XL:     3   Next: 12%
Magic:  1/6        EV: 13    Int: 19    God:
Gold:   36         SH:  0    Dex: 12    Spells: 5/6 levels left

rFire   . . .      SeeInvis .   a - +1 flail
rCold   . . .      Faith    .   (no shield)
rNeg    . . .      Spirit   .   (helmet restricted)
rPois   .          Reflect  .   (no amulet)
rElec   .          Harm     .   (no ring)
rCorr   .          Rampage  .   (no ring)
Will    .....                   (no ring)
Stlth   +++.......              (no ring)
HPRegen 0.07/turn               (no ring)
MPRegen 0.10/turn               (no ring)
                                (no ring)
                                (no ring)

@: no status effects
A: almost no armour, amphibious, 8 rings, camouflage 1, gelatinous body 1,
(nimble swimmer 1), tentacles
a: no special abilities


You were on level 1 of the Dungeon.
You visited 1 branch of the dungeon, and saw 1 of its levels.

You collected 36 gold pieces.

Inventory:

Hand Weapons
 a - a +1 flail (weapon)
Potions
 b - 2 potions of mutation {unknown}


   Skills:
 * Level 2.3 Dodging
 * Level 3.2 Stealth
 * Level 2.2 Spellcasting
 - Level 1.0 Conjurations
 * Level 3.5 Fire Magic


You had 5 spell levels left.
You knew the following spells:

 Your Spells              Type           Power      Damage    Failure   Level
a - Foxfire               Conj/Fire      40%        2x1d6     6%          1

Your spell library contained the following spells:

 Spells                   Type           Power      Damage    Failure   Level
 Scorch                   Fire           30%        2d7       6%          2
 Conjure Flame            Conj/Fire      10%        6-21      19%         3
 Inner Flame              Hex/Fire       8%         N/A       24%         3
 Flame Wave               Conj/Fire      10%        2d5       54%         4


Dungeon Overview and Level Annotations

Branches:
Dungeon (1/15)

Altars:


Innate Abilities, Weirdness & Mutations

You cannot wear most types of armour.
You are amphibious.
You can wear up to eight rings at the same time.
Your skin changes colour to match your surroundings (Stealth+).
Your rubbery body absorbs attacks. (AC +1, EV +1)
((You are camouflaged when in or above water. (Stealth+)))
You have tentacles for arms and can constrict up to eight enemies at once.


Message History

Your foxfire dissipates!
The bat closely misses you.
Casting: Foxfire (safe; 6% risk of failure)
Confirm with . or Enter, or press ? or * to list all spells.
You don't have enough magic to cast this spell.
The bat barely misses you. The bat hits you. The bat misses you.
A goblin comes into view. It is wielding a +0 dagger of speed.
The bat completely misses you. The bat closely misses you.
Your magical contamination has completely faded away.
The bat hits you. The bat completely misses you. The bat barely misses you.
The bat hits you.
Casting: Foxfire (safe; 6% risk of failure)
Confirm with . or Enter, or press ? or * to list all spells.
You conjure some foxfire!
The bat closely misses you.
The foxfire hits the bat.
You kill the bat!
The foxfire hits the jackal.
The jackal is lightly wounded.
The jackal bites you. The jackal misses you. The jackal barely misses you. x2
The jackal misses you. The jackal bites you. The jackal misses you.
The jackal closely misses you. The jackal bites you.
The jackal barely misses you. The jackal bites you. The jackal bites you.
* * * LOW HITPOINT WARNING * * *
The jackal closely misses you. The jackal bites you.
* * * LOW HITPOINT WARNING * * *
The jackal barely misses you. The jackal bites you.
* * * LOW HITPOINT WARNING * * *
The jackal misses you.
Casting: Foxfire (safe; 6% risk of failure)
Confirm with . or Enter, or press ? or * to list all spells.
You conjure some foxfire!
The jackal barely misses you.
Your foxfire dissipates!
The jackal bites you.
You die...

#......# # #......#
... #......###....
#.............
###.##.......#
#.##.......#
#.##........
#.#####+###########
#..@hh............##
#######...........#h
#...........#.
#...........#.
#.............
#####.......##
####...## #.### #.#


You could see 2 jackals.

Vanquished Creatures
  A gnoll (D:1)
  A dart slug (D:1)
  A ball python (D:1)
  2 bats (D:1)
  5 hobgoblins (D:1)
  A kobold (D:1)
  A quokka (D:1)
  A frilled lizard (D:1)
  A rat (D:1)
14 creatures vanquished.

Vanquished Creatures (others)
  40 foxfires (D:1)
40 creatures vanquished.

Grand Total: 54 creatures vanquished

Notes
Turn   | Place    | Note
-------+----------+-------------------------------------------
     0 | D:1      | Duoop the Octopode Fire Elementalist began the quest for
                  | the Orb.
     0 | D:1      | Reached XP level 1. HP: 11/11 MP: 3/3
   100 | D:1      | Reached XP level 2. HP: 17/17 MP: 0/5
  1869 | D:1      | Reached XP level 3. HP: 15/21 MP: 0/6
  2067 | D:1      | HP: 1/21 [jackal (3)]
  2072 | D:1      | Slain by a jackal

Illustrated notes

Levels and vault maps discovered:
D:1:      nzn_arrival_settlement, layout_basic

Skill      XL: |  1  2 |
---------------+-------+-----
Stealth        | 3 |  3.2
Dodging        | |  2.3
Spellcasting   | |  2.2
Conjurations   | |  1.0
Fire Magic     | |  3.5

Action                   || total
-------------------------++-------
Melee: Flail             ||     2
 Cast: Foxfire           ||    45
  Use: Scroll            ||     1
Armor: Skin              ||     5
Dodge: Dodged            ||    38
